Map: Muro dorado EE

Players

MASTERMIND - Winner!

  • Race: Protoss Protoss
  • League: Gold
  • Spawn Location: 7:00

MrFercho

  • Race: Zerg Zerg
  • League: Silver
  • Spawn Location: 5:00

VOD

Have the link to the VOD?

Description

Time

  • Played on: June 24, 2020, 10:53 p.m.
  • Length: 4:43
Show
View Real Time Build Order
Export as new Build Order

MASTERMIND Protoss - Winner!

Build Orders:  

Get SALT Encoding   

  12  0:05  Probe  
  13  0:17  Probe  
  13  0:19  Pylon  
  14  0:29  Probe  
  15  0:40  Gateway  
  15  0:41  Probe  
  16  0:53  Probe  
  16  0:57  Gateway  
  17  1:06  Pylon, Probe  
  18  1:19  Zealot  
  18  1:20  Gateway  
  20  1:36  Pylon  
  20  1:37  Zealot  
  20  1:44  Zealot  
  24  2:01  Zealot  
  24  2:02  Zealot  
  24  2:04  Pylon  
  26  2:08  Zealot  
  30  2:18  Assimilator  
  30  2:28  Zealot  
  32  2:31  Zealot  
  34  2:38  Cybernetics Core  
  34  2:40  Zealot  
  36  2:47  Probe  
  37  2:55  Zealot  
  39  3:03  Zealot  
  41  3:16  Zealot  
  43  3:26  Zealot  
  45  3:28  Assimilator  
  45  3:38  Probe  
  45  3:39  Twilight Council  
  46  3:52  Pylon  
  46  4:10  Stalker, Zealot  
  46  4:11  Forge  
Show
View Real Time Build Order
Export as new Build Order

MrFercho Zerg 

Build Orders: Hatch First 

Get SALT Encoding   

  12  0:01  Drone  
  13  0:13  Drone  
  14  0:32  Overlord  
  14  0:49  Hatchery  
  13  0:54  Drone x3  
  16  1:13  Spawning Pool  
  16  1:16  Drone  
  16  1:19  Drone  
  17  1:26  Drone  
  18  1:37  Drone  
  19  1:41  Extractor  
  18  1:48  Overlord  
  18  1:59  Queen  
  18  2:01  Overlord  
  20  2:03  Queen  
  20  2:05  Drone  
  23  2:16  Drone x2  
  23  2:20  Drone  
  23  2:22  Drone  
  27  2:31  Drone  
  27  2:33  Drone  
  29  2:58  Drone  
  29  3:00  Drone  
  29  3:01  Drone x2  
  33  3:06  Drone x2  
  33  3:08  Roach Warren  
  33  3:09  Queen  
  36  3:14  Lair  
  36  3:25  Zergling x6  
  39  3:28  Evolution Chamber  
  39  3:32  Drone x3  
  41  3:38  Drone x3  
  41  3:41  Overlord x2  
  41  3:59  Roach x4  
Tags
 
Matchup
PvZ
Replay Pack
MrFercho
Spawn Locations
Close Positions
Add a new tag
Caveats
  • Supply blocks, unpowered buildings, or Contaminate may cause inaccurate times.
  • Supply counts are checked every 10 seconds.